 Dungeon Crawl Stone Soup version 0.31.0-9-g3a7656b989 (webtiles) character file.

Game seed: 2583394813745311158

38 qw the Shooter (level 3, 0/18 HPs)
             Began as a Spriggan Hunter on Feb 2, 2024.
             Slain by a gnoll
             ... wielding a +0 spear
              (7 damage)
             ... on level 2 of the Dungeon.
             The game lasted 00:00:02 (648 turns).

qw the Shooter (Spriggan Hunter)                     Turns: 648, Time: 00:00:03

Health: 0/18       AC:  3    Str:  7    XL:     3   Next: 25%
Magic:  4/4        EV: 19    Int: 10    God:
Gold:   54         SH:  0    Dex: 20    Spells: 2/2 levels left

rFire   . . .        a - +0 shortbow
rCold   . . .        (shield currently unavailable)
rNeg    . . .        c - +0 robe
rPois   .            (helmet restricted)
rElec   .            e - +0 cloak
rCorr   .            (gloves unavailable)
SInv    +            (boots unavailable)
Will    .....        (no amulet)
Stlth   ++           (no ring)
HPRegen 0.23/turn    (no ring)
MPRegen 0.09/turn

%: no passive effects
@: very quick
A: very small, no large weapons, unfitting armour, see invisible, speed 3
a: no special abilities


You were on level 2 of the Dungeon.
You visited 1 branch of the dungeon, and saw 2 of its levels.

You collected 54 gold pieces.


Innate Abilities, Weirdness & Mutations

You are very small and have problems with some larger weapons.
You are too small for most types of armour.
You have supernaturally acute eyesight. (SInv)
You cover ground extremely quickly. (Speed+++)


   Skills:
 - Level 1.5 Fighting
 + Level 4.6 Ranged Weapons
 - Level 4.0 Dodging
 - Level 1.5 Stealth


You had 2 spell levels left.
You didn't know any spells.
Your spell library was empty.

Inventory:

Hand Weapons
 a - a +0 shortbow (weapon)
Armour
 c - a +0 robe (worn)
 e - a +0 cloak (worn)
Scrolls
 b - a scroll of poison {unknown}
 d - a scroll of vulnerability {unknown}
 f - a scroll of identify
Potions
 g - a potion of enlightenment
 h - a potion of heal wounds

Dungeon Overview and Level Annotations

Branches:
Dungeon (2/15)

Altars:


Message History

There is a stone staircase leading down here.
f - a scroll of identify
h - a potion of heal wounds You see here 3 stones.
A frilled lizard comes into view.
The frilled lizard hisses angrily.
You shoot an arrow. The arrow hits the frilled lizard!
You kill the frilled lizard!
You have reached level 3!
Your experience leads to an increase in your attributes!
Increase (S)trength, (I)ntelligence, or (D)exterity?
You feel agile. x2
You see here a frilled lizard corpse.
You open the door. 2 gnolls come into view.
Found a stone staircase leading down.
You shoot an arrow.
The arrow hits the gnoll but does no damage.
The gnoll shouts!
You shoot an arrow. The arrow closely misses the gnoll.
The gnoll hits you with a +0 whip.
You shoot an arrow. The arrow hits the gnoll.
The gnoll is moderately wounded.
A gnoll comes into view. It is wielding a +0 spear.
The gnoll misses you.
You shoot an arrow. The arrow hits the gnoll.
The gnoll is severely wounded.
The gnoll barely misses you. The gnoll hits you with a +0 whip.
You shoot an arrow. The arrow hits the gnoll!
You kill the gnoll!
A goblin comes into view. It is wielding a +0 club.
The gnoll hits you from afar with a +0 spear!
You shoot an arrow. The arrow hits the gnoll!
The gnoll is severely wounded.
The gnoll closely misses you. The gnoll hits you but does no damage.
You shoot an arrow. The arrow closely misses the gnoll.
The arrow barely misses the goblin.
The gnoll misses you.
The gnoll hits you from afar with a +0 spear!
You die...

# #. ... .... #...
#...g##################
#...gg@%...............
#....##################
#..> ###


You could see 2 gnolls and a goblin.

Vanquished Creatures
  A gnoll (D:2)
  A ribbon worm (D:1)
  A dart slug (D:1)
  2 endoplasms (D:1)
  2 giant cockroaches (D:1)
  A goblin (D:2)
  2 jackals (D:1)
  3 quokkas (D:1)
  5 bats (D:1)
  3 frilled lizards
  A kobold (D:2)
  A rat (D:2)
23 creatures vanquished.

Notes
Turn   | Place    | Note
-------+----------+-------------------------------------------
     0 | D:1      | qw the Spriggan Hunter began the quest for the Orb.
     0 | D:1      | Reached XP level 1. HP: 10/10 MP: 2/2
     0 | D:1      | 0 ||| qw: Version: 0.3-a-155-g5e7d8dd
     0 | D:1      | 0 ||| qw: Game counter: 2754
     0 | D:1      | 0 ||| qw: Melee chars always use a shield: true
     0 | D:1      | 0 ||| qw: God list: Okawaru
     0 | D:1      | 0 ||| qw: Allow faded altars: false
     0 | D:1      | 0 ||| qw: Do Orc after clearing Dungeon:15 true
     0 | D:1      | 0 ||| qw: Do second Lair branch before Depths: true
     0 | D:1      | 0 ||| qw: Lair rune preference: random
     0 | D:1      | 0 ||| qw: Goals: Normal
     0 | D:1      | 0 ||| PLANNING D:1-11
    74 | D:1      | Reached skill level 3 in Dodging
   150 | D:1      | Found a faded altar of an unknown god.
   171 | D:1      | Reached XP level 2. HP: 14/14 MP: 3/3
   510 | D:1      | 510 ||| UPGRADING to +0 cloak.
   515 | D:1      | 515 ||| READING 2 scrolls labelled UREYH NICYMA.
   515 | D:1      | 515 ||| IDENTIFYING orange potion
   516 | D:1      | 516 ||| READING scroll of identify.
   516 | D:1      | 516 ||| IDENTIFYING cyan potion
   517 | D:1      | 517 ||| READING scroll labelled ONURARA UN ULANU.
   521 | D:1      | 521 ||| READING scroll labelled JEV LAEFUAGI.
   522 | D:1      | 522 ||| DROPPING scroll of butterflies.
   531 | D:2      | 531 ||| STAIRDANCE
   536 | D:1      | HP: 1/14 [ribbon worm (4)]
   537 | D:1      | 537 ||| DRINKING potion of heal wounds.
   634 | D:2      | Reached XP level 3. HP: 18/18 MP: 4/4
   648 | D:2      | Slain by a gnoll

Levels and vault maps discovered:
D:1:      dpeg_arrival_shelter, layout_rooms, basic_ecumenical_altar,
          chequers_big_river
D:2:      cheibrodos_pilgrimage, layout_basic

Skill      XL: |  1  2 |
---------------+-------+-----
Dodging        | 3 4 |  4.0
Fighting       | |  1.5
Ranged Weapons | |  4.6
Stealth        | |  1.5

Action                     || total
---------------------------++-------
   Fire: Shortbow          ||    84
    Use: Scroll            ||     4
         Potion            ||     1
 Armour: Robe              ||    20
  Dodge: Dodged            ||    37

Table legend:
 A = Non-vault XP
 B = Vault XP
 C = Vault XP percentage of total XP
 D = Non-vault monster count
 E = Vault monster count
 F = Vault count percentage of total count
                 A         B        C        D         E       F
            +---------+---------+-------+---------+---------+-------
      Total |      55 |       0 |   0.0 |      23 |       0 |   0.0
            +---------+---------+-------+---------+---------+-------
        D:1 |      36 |       0 |   0.0 |      18 |       0 |   0.0
        D:2 |      19 |       0 |   0.0 |       5 |       0 |   0.0
            +---------+---------+-------+---------+---------+-------
